 Dungeon Crawl Stone Soup version 0.29-a0-553-g81b289dbe5 (webtiles) character file.

Game seed: 7371480303233790889

8 zishaf the Sneak (level 2, 0/15 HPs)
             Began as a Vine Stalker Brigand on June 6, 2022.
             Succumbed to a kobold's poison
             ... on level 1 of the Dungeon.
             The game lasted 00:02:19 (416 turns).

zishaf the Sneak (Vine Stalker Brigand)              Turns: 416, Time: 00:02:19

Health: 0/15       AC: 15    Str: 13    XL:     2   Next: 8%
Magic:  3/3        EV:  3    Int: 11    God:
Gold:   11         SH:  0    Dex: 15    Spells: 1/1 levels left

rFire   . . .      SeeInvis .   a - +2 dagger
rCold   + . .      Faith    .   (no shield)
rNeg    . . .      Spirit   +   g - +4 plate armour {rC+}
rPois   .          Reflect  .   (no helmet)
rElec   .          Harm     .   c - +0 cloak
rCorr   .          Rampage  .   (no gloves)
Will    .....                   (no boots)
Stlth   ..........              (no amulet)
HPRegen 0.05/turn               (no ring)
MPRegen 0.08/turn               (no ring)

@: lethally poisoned (0 -> -2)
A: fangs 2, magic shield, antimagic bite, no potion heal 2
a: no special abilities


You were on level 1 of the Dungeon.
You visited 1 branch of the dungeon, and saw 2 of its levels.

You collected 11 gold pieces.

Inventory:

Hand Weapons
 a - a +2 dagger (weapon)
 h - a +2 dagger of venom
Missiles
 d - 9 poisoned darts (quivered)
 e - 3 curare-tipped darts
 f - 4 silver javelins
Armour
 b - a +0 robe
 c - a +0 cloak (worn)
 g - a +4 plate armour of cold resistance (worn)


   Skills:
 + Level 2.0 Fighting
 + Level 2.0 Short Blades
 + Level 2.0 Throwing
 - Level 0.7 Dodging
 - Level 4.9 Stealth


You had one spell level left.
You didn't know any spells.
Your spell library was empty.

Dungeon Overview and Level Annotations

Branches:
Dungeon (2/15)

Altars:


Innate Abilities, Weirdness & Mutations

You have extremely sharp teeth.
When hurt, damage is shared between your health and your magic reserves.
Your bite disrupts and absorbs the magic of your enemies.
Potions cannot restore your health.


Message History

You climb upwards.
The kobold shouts!
A bat comes into view.
The bat moves out of view.
There is a stone staircase leading down here.
The bat hits you.
You closely miss the bat. The bat hits you. The bat completely misses you.
You hit the bat.
You kill the bat!
The kobold hits you but does no damage.
You are poisoned.
Your Short Blades skill increases to level 2!
You have reached level 2!
You hit the kobold.
The kobold is moderately wounded.
You feel sick. The kobold hits you but does no damage.
You are lethally poisoned!
You hit the kobold.
You kill the kobold!
You feel sick.
Your Fighting skill increases to level 2!
Your Throwing skill increases to level 2!
You feel sick.
You see here a +2 dagger of venom.
h - a +2 dagger of venom
* * * LOW HITPOINT WARNING * * *
You feel sick.
You aren't carrying any potions.
You aren't carrying any potions.
You aren't carrying any potions.
You aren't carrying any potions.
You aren't carrying any potions.
* * * LOW HITPOINT WARNING * * *
You feel sick.
* * * LOW HITPOINT WARNING * * *
You feel sick.
* * * LOW HITPOINT WARNING * * *
You feel sick.
There is a stone staircase leading down here.
You die...

#..# #..## #...#
##.###.#.###
#..........#
##.###.###.###
#........
########>###.###
.......@.#
##########


There were no monsters in sight!

Vanquished Creatures
  A ball python (D:2)
  2 bats
  A goblin (D:2)
  A hobgoblin (D:2)
  2 kobolds
7 creatures vanquished.

Notes
Turn   | Place    | Note
-------+----------+-------------------------------------------
     0 | D:1      | zishaf the Vine Stalker Brigand began the quest for the
                  | Orb.
     0 | D:1      | Reached XP level 1. HP: 11/11 MP: 2/2
     2 | D:1      | You fall into a shaft and drop 1 floor!
   409 | D:1      | Reached XP level 2. HP: 12/15 MP: 3/3
   416 | D:1      | Succumbed to a kobold's poison

Illustrated notes

Levels and vault maps discovered:
D:1:      saegor_arrival_miasma, layout_loops_ring, basic_ecumenical_altar,
          nrook_mini_vaults, nrook_campfire, item_on_display_b
D:2:      layout_loops_ring, basic_altar

Skill      XL: |  1  2 |
---------------+-------+-----
Short Blades   | 2 |  2.0
Fighting       | 2 |  2.0
Throwing       | 2 |  2.0
Dodging        | |  0.7
Stealth        | |  4.9

Action                   || total
-------------------------++-------
Melee: Dagger            ||    20
       Bite              ||     2
Armor: Robe              ||     4
       Plate armour      ||     2
Dodge: Dodged            ||    11

Table legend: (Time is in decaauts)
 A = Elapsed time spent in this place.
 B = Non-inter-level travel time spent in this place.
 C = Inter-level travel time spent in this place.
 D = Time resting spent in this place.
 E = Time spent auto-exploring this place.
 F = Levels seen in this place.
 G = Mean time per level.
                   A        B        C        D        E       F      G
               +--------+--------+--------+--------+--------+-----+--------+
         Total |    413 |    413 |      0 |    199 |     46 |   2 |  206.5 |
       Dungeon |    413 |    413 |      0 |    199 |     46 |   2 |  206.5 |
               +--------+--------+--------+--------+--------+-----+--------+

Top non-repeatable levels by time:
     D:2: 400 daAuts
     D:1: 13 daAuts
